 Dungeon Crawl Stone Soup version 0.28.0-43-g3370ac3207 (webtiles) character file.

Game seed: 17995768386316492091

4967 mortz the Thaumaturge (level 10, -3/51 HPs)
             Began as a Deep Elf Earth Elementalist on Mar 3, 2022.
             Was an Initiate of Sif Muna.
             Slain by an orc warrior
             ... wielding a +0 halberd
              (14 damage)
             ... on level 8 of the Dungeon on Mar 4, 2022.
             The game lasted 01:09:02 (8981 turns).

mortz the Thaumaturge (Deep Elf Earth Elementalist) Turns: 8981, Time: 01:09:02

Health: -3/51      AC: 10    Str:  5    XL:     10   Next: 28%
Magic:  17/28      EV: 13    Int: 25    God:    Sif Muna [......]
Gold:   331        SH:  0    Dex: 15    Spells: 24/33 levels left

rFire   . . .      SeeInvis .   L - +2 long sword (protect) {long}
rCold   + . .      Faith    .   (no shield)
rNeg    . . .      Spirit   .   T - +0 steam dragon scales
rPois   .          Reflect  .   J - +0 helmet
rElec   .          Harm     .   m - +0 cloak
rCorr   .          Rampage  +   I - +0 pair of gloves
Will    +....                   t - +1 pair of boots {rampage}
Stlth   +++.......              (no amulet)
HPRegen 0.17/turn               a - ring of protection from cold
MPRegen 0.21/turn               (no ring)

@: studying Shields
A: no striking features
a: Renounce Religion


You were on level 8 of the Dungeon.
You worshipped Sif Muna.
Sif Muna was noncommittal.
You visited 2 branches of the dungeon, and saw 9 of its levels.
You also visited: Ossuary.

You collected 773 gold pieces.
You spent 442 gold pieces at shops.


   Skills:
 + Level 0.3 Fighting
 + Level 2.3 Armour
 + Level 3.5 Dodging
 + Level 4.6 Stealth
 + Level 12.0 Spellcasting
 * Level 9.5 Conjurations
 + Level 1.3 Transmutations
 + Level 8.3 Earth Magic
 + Level 0.4 Evocations


You had 24 spell levels left.
You knew the following spells:

 Your Spells              Type           Power      Damage    Failure   Level
a - Magic Dart            Conj           100%       1d8       1%          1
b - Sandblast             Erth           100%       2d20      1%          1
c - Passwall              Tmut/Erth      32%        N/A       1%          2
d - Stone Arrow           Conj/Erth      100%       3d13      1%          3
e - Searing Ray           Conj           100%       2d8       1%          2

Your spell library contained the following spells:

 Spells                   Type           Power      Damage    Failure   Level
 Fulminant Prism          Conj/Hex       19%        3d11      5%          4
 Petrify                  Tmut/Erth      39%        N/A       5%          4
 Corpse Rot               Necr/Air       30%        N/A       6%          2
 Dispel Undead            Necr           15%        3d10      36%         4
 Death Channel            Necr           7%         N/A       99%         6

Inventory:

Hand Weapons
 e - a +0 short sword {short}
   (You took it off a kobold on level 1 of the Dungeon)
 s - a +1 whip of electrocution {mace}
   (You took it off Pikel on level 6 of the Dungeon)
 L - a +2 long sword of protection (weapon) {long}
   (You bought it in a shop on level 5 of the Dungeon)
 S - a +2 vorpal war axe {axe}
   (You took it off Maggie on level 6 of the Dungeon)
Missiles
 c - 132 stones {throwing}
 n - a throwing net {=f!fthrowing}
 y - 11 poisoned darts {throwing}
Armour
 m - a +0 cloak (worn)
   (You found it on level 4 of the Dungeon)
 t - a +1 pair of boots of rampaging (worn)
   (You found it on level 7 of the Dungeon)
 I - a +0 pair of gloves (worn)
   (You found it on level 4 of the Dungeon)
 J - a +0 helmet (worn)
   (You took it off Robin on level 4 of the Dungeon)
 O - a +0 pair of boots
   (You found it on level 5 of the Dungeon)
 T - +0 steam dragon scales (worn)
   (You took it off Maggie on level 6 of the Dungeon)
Magical Staves
 g - a staff of earth {!astaff}
   (You found it on level 2 of the Dungeon)
 o - a staff of cold {!astaff}
   (You found it on level 6 of the Dungeon)
Jewellery
 a - a ring of protection from cold (left hand)
   (You found it on level 1 of the Dungeon)
 r - an amulet of guardian spirit
   (You found it on level 2 of the Dungeon)
 B - a ring of ice
   (You found it on level 3 of the Dungeon)
 P - an amulet of faith {!P}
   (You found it on level 5 of the Dungeon)
Wands
 k - a wand of acid (7)
   (You found it on level 4 of the Dungeon)
 q - a wand of paralysis (3)
   (You found it on level 6 of the Dungeon)
 M - a wand of flame (9)
   (You found it on level 5 of the Dungeon)
 U - a wand of iceblast (5)
   (You found it on level 7 of the Dungeon)
Scrolls
 b - a scroll of summoning
 i - 3 scrolls of fog
 j - 3 scrolls of teleportation {@r4}
 p - 4 scrolls of blinking {!r}
 v - a scroll of fear {unknown}
 x - a scroll of acquirement {unknown}
 A - 3 scrolls of magic mapping {!r}
 E - a scroll of enchant weapon {unknown}
 K - 4 scrolls of amnesia {unknown}
 N - a scroll of torment {unknown}
 R - 2 scrolls of vulnerability {unknown}
Potions
 d - a potion of resistance {unknown}
 f - 2 potions of attraction {unknown}
 h - 3 potions of brilliance
 l - 3 potions of degeneration {unknown}
 u - a potion of berserk rage {unknown}
 w - 3 potions of heal wounds {@q2}
 z - 4 potions of curing {@q1}
 C - a potion of lignification {unknown}
 D - a potion of invisibility {unknown}
 F - 3 potions of mutation {unknown}
 G - 4 potions of magic
 H - a potion of haste {unknown}
 Q - 2 potions of might {unknown}

Dungeon Overview and Level Annotations

Branches:
Dungeon (8/15)             Temple (1/1) D:7         Ossuary (visited)
   Lair: D:8-11

Altars:
Ashenzari
Cheibriados
Dithmenos
Elyvilon
Fedhas
Gozag
Hepliaklqana
Kikubaaqudgha
Makhleb
Nemelex Xobeh
Okawaru
Qazlal
Ru
Sif Muna
Trog
Uskayaw
Vehumet
Wu Jian
Xom
Yredelemnul
Zin
The Shining One

Shops:
D:4 !   D:5 [(

Annotations:
D:3 1 runed translucent door, Konebred's ghost, amateur DjCK

##########.# #.# .# #........#.#
#.# #..#
#.######.#.############.###..#..
#.# #.............>......... #.#
#..##.##.#######.###..##.. #.#
#..##.##.#######.###...... ..#
#..>..........##.......... .##
##..###..####.####.######. .#
#...###..@)o).# #†#
.#######.....#.o###..####.#
.........###..............#
.......#. #.........###..#
.#####.#. #...#.##..# #..# .#
#.#. ...#...##o.# #).# .# #.#
#.#.##....... ...# .#####.# #.#
# #...###.## .....#.# #...# #.#


You could see an orc warrior and an orc.


Message History

Sif Muna accepts your kill.
You finish channelling your searing ray.
Your Spellcasting skill increases to level 12! 😮 MP[-1]
You start resting.
A centaur comes into view. 😮 HP[+5] MP[+6]
You regained 5 hp, and now have 36/51 hp.
You regained 6 mp, and now have 23/28 mp.
Aiming: Magic Dart (safe; 1% risk of failure)
Press: ? - help, Q - select action, (/) - cycle Shift-Dir - straight line, f - centaur
Aim: a centaur, quivering arrows (wandering, hasn't noticed you, 100% to hit)
The magic dart hits the centaur but does no damage.
The centaur shouts!
The centaur wields a +0 shortbow.
The centaur shoots an arrow.
The arrow hits you!
* * * LOW HITPOINT WARNING * * *
😨 HP[-13] MP[-1]
You take 13 damage, and now have 23/51 hp.
MASSIVE DAMAGE!! (PAUSE)
You lost 1 mp, and now have 22/28 mp.
A centaur zombie comes into view.
The centaur shoots an arrow.
The arrow closely misses you.
You hear a shout!
You rampage towards the centaur!
The centaur shoots an arrow.
The arrow hits you.
* * * LOW HITPOINT WARNING * * *
The centaur shoots an arrow.
The arrow misses you. 😨 HP[-6]
You take 6 damage, and now have 17/51 hp.
Casting: Magic Dart (safe; 1% risk of failure)
Confirm with . or Enter, or press ? or * to list all spells.
Aiming: Searing Ray (safe; 1% risk of failure)
Press: ? - help, Shift-Dir - straight line, f/p - centaur
Aim: a centaur, wielding a +0 shortbow and quivering arrows (90% to hit)
The searing ray hits the centaur!
The searing ray hits the centaur zombie! (Press . to maintain the ray.) 😨 MP[-1]
You lost 1 mp, and now have 21/28 mp.
The searing ray hits the centaur.
The searing ray hits the centaur zombie!
An orc warrior comes into view. It is wielding a +0 halberd.
The centaur unwields a +0 shortbow.
The centaur hits you but does no damage.
The centaur kicks you but does no damage. 😨 HP[+1] MP[-1]
You lost 1 mp, and now have 20/28 mp.
The searing ray hits the centaur!
You kill the centaur!
Sif Muna accepts your kill.
The centaur zombie hits you but does no damage.
The centaur zombie kicks you but does no damage.
The orc warrior barely misses you. 😨 MP[-1]
You lost 1 mp, and now have 19/28 mp.
The centaur zombie closely misses you. The centaur zombie kicks you.
* * * LOW HITPOINT WARNING * * *
😨 HP[-1]
You take 1 damage, and now have 17/51 hp. 😨 MP[+1] 2 orcs come into view.
The orc shouts! 😨 HP[+1]
The centaur zombie barely misses you. x2
An orc comes into view. It is wielding a +0 club. 😨 MP[+1]
The centaur zombie misses you.
The centaur zombie kicks you but does no damage.
Casting: Searing Ray (safe; 1% risk of failure)
Confirm with . or Enter, or press ? or * to list all spells.
Aiming: Searing Ray (safe; 1% risk of failure)
Press: ? - help, Shift-Dir - straight line, f - centaur zombie
Aim: a centaur zombie (heavily damaged, 100% to hit)
The searing ray hits the centaur zombie!
The searing ray hits the orc.
The searing ray misses the orc warrior. (Press . to maintain the ray.) 😨 MP[-2]
You lost 2 mp, and now have 19/28 mp.
The searing ray hits the orc.
The searing ray hits the centaur zombie!
You destroy the centaur zombie!
Sif Muna accepts your kill.
The searing ray hits the orc warrior! 😨 HP[+1] MP[-1]
You lost 1 mp, and now have 18/28 mp.
The searing ray hits the orc!
You kill the orc!
Sif Muna accepts your kill.
The searing ray hits the orc warrior!
The orc warrior barely misses you. 😨 MP[-1]
You lost 1 mp, and now have 17/28 mp.
The searing ray hits the orc warrior.
The searing ray hits the orc!
You kill the orc!
Sif Muna accepts your kill.
You finish channelling your searing ray.
The orc hits you with a +0 flail!
* * * LOW HITPOINT WARNING * * *
The orc warrior hits you from afar with a +0 halberd!
You die...

Skill      XL: |  1  2  3  4  5  6  7  8  9 10 |
---------------+-------------------------------+-----
Earth Magic    | 4 5 6 8 |  8.3
Spellcasting   | 4 5 6 8 9 11 12 | 12.0
Stealth        | 3 4 |  4.6
Conjurations   | 2 3 4 6 8 9 |  9.5
Armour         | 1 2 |  2.3
Dodging        | 3 |  3.5
Fighting       | |  0.3
Transmutations | |  1.3
Evocations     | |  0.4

Action                   |  1- 3 |  4- 6 |  7- 9 | 10-12 || total
-------------------------+-------+-------+-------+-------++-------
Melee: Staff             |       |     1 |       |       ||     1
 Cast: Sandblast         |    42 |    60 |    33 |       ||   135
       Magic Dart        |       |    82 |   131 |    14 ||   227
       Stone Arrow       |       |       |    44 |     3 ||    47
       Searing Ray       |       |       |       |    10 ||    10
Evoke: Wand              |       |       |     2 |     1 ||     3
  Use: Potion            |       |     2 |       |       ||     2
       Scroll            |       |     1 |     5 |     1 ||     7
Armor: Robe              |     1 |       |       |       ||     1
       Leather armour    |       |     7 |     7 |       ||    14
       Steam dragon scal |       |       |    19 |    15 ||    34
Dodge: Dodged            |     4 |    17 |    43 |    17 ||    81

Levels and vault maps discovered:
D:1:      wander_arrival_peaceful_grave, layout_basic,
          chequers_ecumenical_altar_island, minmay_tromino_i2
D:2:      minmay_spotlight, layout_loops_ring, cheibrodos_gnoll_hut
D:3:      layout_basic, ebering_ghost_reflecting_pool
D:4:      layout_basic, serial_shops, nicolae_shop_trees,
          gup_ossuary_entry_pyramid, uniq_robin, uniq_sigmund
D:5:      layout_basic, serial_shops, shop_statue,
          nicolae_shop_advertising_works [nicolae_subvault_shop_adworks],
          minmay_manual_mares
D:6:      layout_gridville, minmay_fractal_squares_5, uniq_prince_ribbit1,
          uniq_maggie, uniq_pikel
D:7:      layout_basic, mainiacjoe_overflow_paths,
          minmay_temple_entry_butterflies, grunt_ministairs_9,
          kennysheep_generic_room_5
D:8:      layout_loops_ring, ebering_ghost_rock_garden, uniq_erica
Temple:   minmay_crystal_snake_temple

Notes
Turn   | Place    | Note
-------+----------+-------------------------------------------
     0 | D:1      | mortz the Deep Elf Earth Elementalist began the quest for
                  | the Orb.
     0 | D:1      | Reached XP level 1. HP: 10/10 MP: 6/6
     0 | D:1      | magus.rc [v1.9.6]
    52 | D:1      | Found a faded altar of an unknown god.
   149 | D:1      | Reached XP level 2. HP: 15/15 MP: 4/8
   305 | D:1      | Learned a level 2 spell: Passwall
   523 | D:1      | Reached skill level 4 in Earth Magic
   524 | D:1      | Reached XP level 3. HP: 19/19 MP: 3/10
   623 | D:1      | You pick up a book of Decay and begin reading...
   623 | D:1      | You add the spells Corpse Rot, Dispel Undead and Death
                  | Channel to your library.
   628 | D:1      | Learned a level 3 spell: Stone Arrow
   729 | D:1      | You fall into a shaft and drop 1 floor!
   768 | D:2      | Reached skill level 4 in Spellcasting
   807 | D:2      | You pick up a book of Conjurations {@e2} and begin
                  | reading...
   807 | D:2      | You add the spells Magic Dart, Searing Ray and Fulminant
                  | Prism to your library.
   812 | D:2      | Learned a level 1 spell: Magic Dart
   886 | D:2      | Reached XP level 4. HP: 24/24 MP: 5/12
   947 | D:2      | Reached skill level 5 in Spellcasting
  1226 | D:2      | Reached skill level 3 in Stealth
  1711 | D:3      | Found a runed translucent door.
  1713 | D:3      | Noticed Konebred's ghost (amateur DjCK)
  1871 | D:3      | Reached XP level 5. HP: 28/28 MP: 12/14
  2452 | D:4      | Reached skill level 1 in Conjurations
  2497 | D:4      | Found a sand-covered staircase.
  2522 | Ossuary  | Entered an ossuary
  2724 | Ossuary  | Reached skill level 2 in Conjurations
  2882 | Ossuary  | Reached XP level 6. HP: 32/32 MP: 13/16
  2911 | Ossuary  | Reached skill level 5 in Earth Magic
  2935 | Ossuary  | Reached skill level 6 in Spellcasting
  3415 | D:4      | Found Seulae's Distillery.
  3431 | D:4      | Bought a potion of magic for 104 gold pieces
  3431 | D:4      | Bought a potion of heal wounds for 65 gold pieces
  3431 | D:4      | Bought a potion of brilliance for 52 gold pieces
  3431 | D:4      | Bought a potion of curing for 39 gold pieces
  3583 | D:4      | Noticed Sigmund
  3837 | D:4      | Noticed Robin
  3961 | D:4      | Killed Sigmund
  3962 | D:4      | Reached skill level 1 in Armour
  3962 | D:4      | Reached skill level 3 in Conjurations
  3962 | D:4      | Reached XP level 7. HP: 24/36 MP: 16/19
  3987 | D:4      | Reached skill level 7 in Spellcasting
  4017 | D:4      | Killed Robin
  4265 | D:4      | magus.rc [v1.9.6]
  4271 | D:5      | Entered Level 5 of the Dungeon
  4280 | D:5      | Found Ighups's Antique Weapon Boutique.
  4639 | D:5      | Reached skill level 8 in Spellcasting
  4639 | D:5      | Reached skill level 4 in Conjurations
  4681 | D:5      | Noticed a wraith
  4843 | D:5      | Bought a runed long sword for 182 gold pieces
  5055 | D:5      | Reached skill level 6 in Earth Magic
  5055 | D:5      | Reached XP level 8. HP: 29/41 MP: 18/22
  5359 | D:5      | Found Kuim's Armour Shoppe.
  5590 | D:6      | Reached skill level 2 in Armour
  5590 | D:6      | Reached skill level 9 in Spellcasting
  5590 | D:6      | Reached skill level 5 in Conjurations
  5605 | D:6      | Noticed Pikel
  5704 | D:6      | Killed Pikel
  5705 | D:6      | Reached skill level 3 in Dodging
  5705 | D:6      | Reached skill level 4 in Stealth
  5705 | D:6      | Reached skill level 6 in Conjurations
  6038 | D:6      | Reached XP level 9. HP: 45/45 MP: 16/24
  6115 | D:6      | Noticed Maggie
  6121 | D:6      | Killed Maggie
  6122 | D:6      | Reached skill level 10 in Spellcasting
  6122 | D:6      | Reached skill level 7 in Earth Magic
  6376 | D:6      | Noticed Prince Ribbit
  6387 | D:6      | Killed Prince Ribbit
  6388 | D:6      | Reached skill level 7 in Conjurations
  6842 | D:7      | Noticed a two-headed ogre
  6845 | D:7      | Killed a two-headed ogre
  6846 | D:7      | Reached skill level 8 in Conjurations
  6915 | D:7      | Found a burning altar of Makhleb.
  6978 | D:7      | Reached skill level 11 in Spellcasting
  7173 | D:7      | Reached skill level 8 in Earth Magic
  7273 | D:7      | Found a staircase to the Ecumenical Temple.
  7278 | Temple   | Entered the Ecumenical Temple
  7376 | Temple   | Became a worshipper of Sif Muna the Loreminder
  7879 | D:7      | Reached XP level 10. HP: 51/51 MP: 17/27
  8050 | D:7      | HP: 11/51 [very large slime creature (21)]
  8491 | D:7      | Learned a level 2 spell: Searing Ray
  8551 | D:7      | Reached skill level 9 in Conjurations
  8936 | D:8      | Reached skill level 12 in Spellcasting
  8981 | D:8      | HP: 11/51 [orc/+0 flail (8)]
  8981 | D:8      | Slain by an orc warrior

Vanquished Creatures
  A two-headed ogre (D:7)
  Pikel (D:6)
  Maggie (D:6)
  Prince Ribbit (D:6)
  A hornet (D:8)
  3 slime creatures (D:7)
  Sigmund (D:4)
  A wraith (D:5)
  A wyvern (D:8)
  2 water moccasins
  A necrophage (D:5)
  A black bear (D:7)
  An ogre (D:5)
  4 centaurs
  2 phantoms
  4 bullfrogs (D:7)
  A scorpion (D:4)
  A water moccasin zombie (D:7)
  A howler monkey (D:5)
  A wight (D:7)
  A bullfrog skeleton (D:5)
  2 centaur zombies
  3 hounds
  5 centaur skeletons
  A jelly (D:6)
  An iguana (D:6)
  3 orc wizards (D:7)
  A hound skeleton (D:4)
  A howler monkey skeleton (D:7)
  A howler monkey zombie (D:7)
  9 mummies
  Robin (D:4)
  10 gnolls
  9 adders
  A shadow imp (D:6)
  2 white imps
  2 ufetubi
  A worm (D:3)
  3 dart slugs
  9 orcs
  5 bats
  9 endoplasms
  2 giant cockroaches
  A gnoll zombie (Ossuary)
  15 goblins
  6 hobgoblins
  5 jackals
  6 quokkas
  3 ball pythons
  6 frilled lizards
  4 hobgoblin zombies (Ossuary)
  12 kobolds
  2 kobold zombies (Ossuary)
  An orc zombie (Ossuary)
  3 rats
176 creatures vanquished.

Table legend:
 A = Non-vault XP
 B = Vault XP
 C = Vault XP percentage of total XP
 D = Non-vault monster count
 E = Vault monster count
 F = Vault count percentage of total count
                 A         B        C        D         E       F
            +---------+---------+-------+---------+---------+-------
      Total |    4699 |    2400 |  33.8 |     127 |      49 |  27.8
            +---------+---------+-------+---------+---------+-------
        D:1 |      42 |       3 |   6.7 |      23 |       2 |   8.0
        D:2 |     111 |      20 |  15.3 |      22 |       4 |  15.4
        D:3 |      91 |       0 |   0.0 |      16 |       0 |   0.0
        D:4 |     197 |     271 |  57.9 |      19 |      13 |  40.6
        D:5 |     723 |     222 |  23.5 |      10 |       2 |  16.7
        D:6 |     445 |    1403 |  75.9 |      10 |       8 |  44.4
        D:7 |    2461 |     327 |  11.7 |      21 |       4 |  16.0
        D:8 |     629 |       0 |   0.0 |       6 |       0 |   0.0
    Ossuary |       0 |     154 | 100.0 |       0 |      16 | 100.0
            +---------+---------+-------+---------+---------+-------

Illustrated notes

Table legend:
 A = Kills in this place as a percentage of kills in entire the game.
 B = Kills by you in this place as a percentage of kills by you in the entire game.
 C = Kills by friends in this place as a percentage of kills by friends in the entire game.
 D = Other kills in this place as a percentage of other kills in the entire game.
 E = Experience gained in this place as a percentage of experience gained in the entire game.
 F = Experience gained in this place divided by the number of levels of this place that you have seen.
                   A       B       C       D       E      F
               +-------+-------+-------+-------+-------+----------------------
         Total | 100.0 | 100.0 |   N/A |   N/A | 100.0 | 709.9
       Dungeon |  90.9 |  90.9 |   N/A |   N/A |  97.8 | 868.1
       Ossuary |   9.1 |   9.1 |   N/A |   N/A |   2.2 | 154.0
               +-------+-------+-------+-------+-------+----------------------

Table legend: (Time is in decaauts)
 A = Elapsed time spent in this place.
 B = Non-inter-level travel time spent in this place.
 C = Inter-level travel time spent in this place.
 D = Time resting spent in this place.
 E = Time spent auto-exploring this place.
 F = Levels seen in this place.
 G = Mean time per level.
                   A        B        C        D        E       F      G
               +--------+--------+--------+--------+--------+-----+--------+
         Total |   8997 |   8368 |    629 |   2763 |   3283 |  10 |  899.7 |
       Dungeon |   8218 |   7629 |    589 |   2544 |   3065 |   8 | 1027.2 |
        Temple |    222 |    182 |     40 |      0 |    155 |   1 |  222.0 |
       Ossuary |    556 |    556 |      0 |    219 |     63 |   1 |  556.0 |
               +--------+--------+--------+--------+--------+-----+--------+

Top non-repeatable levels by time:
     D:7: 1662 daAuts
     D:5: 1321 daAuts
     D:6: 1265 daAuts
     D:4: 1255 daAuts
     D:2: 869 daAuts
     D:3: 860 daAuts
     D:1: 729 daAuts
 Ossuary: 556 daAuts
     D:8: 253 daAuts
  Temple: 222 daAuts
